 Dungeon Crawl Stone Soup version 0.23.1 (webtiles) character file.

Game seed: 485020459920327874

4568 Norn the Spear-Bearer (level 10, -5/79 HPs)
             Began as a Merfolk Skald on Mar 10, 2019.
             Was a Follower of Ashenzari.
             Splashed by Harold's acid (14 damage)
             ... on level 9 of the Dungeon.
             The game lasted 00:25:05 (11498 turns).

Norn the Spear-Bearer (Merfolk Skald)              Turns: 11498, Time: 00:25:06

Health: -5/79      AC:  2    Str: 11    XL:     10   Next: 41%
Magic:  13/13      EV: 10    Int: 19    God:    Ashenzari [*.....]
Gold:   335        SH:  0    Dex: 15    Spells: 5/13 levels left

rFire    + . .     SeeInvis .   o - +0 halberd
rCold    . . .     Gourm    .   (shield currently unavailable)
rNeg     . . .     Faith    .   B - +1 ring mail of Amorality {rF+}
rPois    .         Spirit   .   J - +1 helmet
rElec    .         Reflect  +   (no cloak)
rCorr    .         Harm     .   l - +0 pair of gloves
MR       .....                  N - +0 pair of boots
Stlth    +.........             I - +2 amulet of reflection
HPRegen  0.23/turn              E - +4 ring of intelligence
MPRegen  0.13/turn              a - +2 ring of evasion (curse)

@: marked, corroded, held
A: change form in water, swift swim, stealthy swim
a: Curse Item, Scrying, Renounce Religion


You were on level 9 of the Dungeon.
You worshipped Ashenzari.
Ashenzari was aware of your devotion.
You were not hungry.

You visited 2 branches of the dungeon, and saw 10 of its levels.

You collected 495 gold pieces.
You spent 160 gold pieces at shops.

Inventory:

Hand Weapons
 h - a +0 blowgun
   (You took it off a kobold on level 3 of the Dungeon)
 o - a +0 halberd (weapon)
   (You took it off a gnoll on level 3 of the Dungeon)
 u - a +0 trident
   (You took it off an orc on level 4 of the Dungeon)
Missiles
 k - 73 poisoned needles
 q - a throwing net (quivered) {!f}
Armour
 b - a +0 leather armour
 l - a +0 pair of gloves (worn)
   (You found it on level 3 of the Dungeon)
 B - the +1 ring mail of Amorality (worn) {rF+}
   (You found it on level 5 of the Dungeon)

   It protects you from fire.
 J - a +1 helmet (worn)
   (You found it on level 7 of the Dungeon)
 N - a +0 pair of boots (worn)
   (You found it on level 9 of the Dungeon)
Jewellery
 a - a cursed +2 ring of evasion (right hand)
   (You bought it in a shop on level 8 of the Dungeon)
 E - a +4 ring of intelligence (left hand)
   (You took it off a centaur on level 6 of the Dungeon)
 I - a +2 amulet of reflection (around neck)
   (You took it off an orc on level 7 of the Dungeon)
Wands
 m - a wand of enslavement (12)
   (You took it off Ijyb on level 3 of the Dungeon)
 t - a wand of flame (40)
   (You took it off an orc on level 7 of the Dungeon)
 v - a wand of digging (4)
   (You took it off an orc on level 3 of the Dungeon)
 x - a wand of acid (7)
   (You found it on level 5 of the Dungeon)
Scrolls
 c - 4 scrolls of teleportation {@r4}
 d - 5 scrolls of magic mapping
 f - a scroll of enchant armour
 g - a scroll of enchant weapon
 n - a scroll of identify {@r1}
 p - 5 scrolls of remove curse {@r2}
 r - 2 scrolls of summoning
 w - 2 scrolls of fear
 y - a scroll of amnesia
 A - a scroll of fog
 D - 2 scrolls of blinking
 F - a scroll of torment {!r}
Potions
 i - a potion of haste {@q3}
 j - 3 potions of flight
 s - a potion of lignification {!q}
 z - 2 potions of curing {@q1}
 C - a potion of invisibility
 G - 2 potions of heal wounds {@q2}
 H - 2 potions of might
 K - a potion of cancellation
 L - a potion of magic
Comestibles
 e - 8 rations {!d}
 M - 6 chunks of flesh


   Skills:
 + Level 7.6 Fighting
 * Level 13.3 Polearms
 - Level 0.6 Armour
 + Level 9.1 Dodging
 - Level 2.0 Spellcasting
 - Level 5.0 Hexes
 - Level 5.1 Charms
 + Level 1.5 Evocations


You had 5 spell levels left.
You knew the following spells:

 Your Spells              Type           Power        Failure   Level  Hunger
a - Infusion              Chrm           ###.         4%          1    #......
q - Shroud of Golubria    Chrm/Tloc      ##........   22%         2    ###....
t - Spectral Weapon       Hex/Chrm       ###.....     16%         3    ###....
w - Song of Slaying       Chrm           ###.....     8%          2    ###....

Your spell library contained the following spells:

 Spells                   Type           Power        Failure   Level  Hunger
 Sting                    Conj/Pois      #...         38%         1    #......
 Regeneration             Chrm/Necr      ##........   41%         3    ###....
 Poisonous Vapours        Pois/Air       #.....       52%         2    ###....
 Mephitic Cloud           Conj/Pois/Air  #.......     77%         3    ###....
 Olgreb's Toxic Radiance  Pois           #.......     99%         4    #####..
 Iskenderun's Battlesphe  Conj/Chrm      ##......     99%         5    ######.
 Bolt of Magma            Conj/Fire/Erth #.........   100%        5    ######.
 Venom Bolt               Conj/Pois      #.........   100%        5    ######.
 Iron Shot                Conj/Erth      #.........   100%        6    #######
 Orb of Destruction       Conj           #.........   100%        7    #######
 Spellforged Servitor     Conj/Summ      #.........   100%        7    #######


Dungeon Overview and Level Annotations

Branches:
Dungeon (9/15)             Temple (1/1) D:7            Lair (0/6) D:8
    Orc: D:9-12

Altars:
Ashenzari
Cheibriados
Dithmenos
Elyvilon
Fedhas
Gozag
Hepliaklqana
Kikubaaqudgha
Makhleb
Nemelex Xobeh
Okawaru
Qazlal
Ru
Sif Muna
Trog
Uskayaw
Vehumet
Wu Jian
Xom
Yredelemnul
Zin
The Shining One

Shops:
D:4 (   D:5 [   D:8 =

Annotations:
D:2 1 exclusion
D:7 3 runed translucent doors, NeAGen181's ghost, novice HOFi
D:9 Harold


Message History

K - a potion of cancellation
As you read the scroll of identify {@r1}, it crumbles to dust.
r - 2 scrolls of summoning
As you read the scroll of identify {@r1}, it crumbles to dust.
g - a scroll of enchant weapon
As you read the scroll of identify {@r1}, it crumbles to dust.
F - a scroll of torment
As you read the scroll of identify {@r1}, it crumbles to dust.
D - 2 scrolls of blinking
Found a scroll of remove curse.
p - 5 scrolls of remove curse {@r2} (gained 1)
A leopard gecko comes into view.
A leopard gecko is nearby!
Harold the Weathered comes into view.
He is wielding a +0 halberd, wearing a +3 scale mail of fire resistance and carrying a wand of acid (7).
Harold shouts!
You hear a screech!
Harold throws a throwing net.
The throwing net hits you.
You become entangled in the net!
You see here a throwing net {!f}.
You struggle against the net.
You struggle against the net.
The leopard gecko closely misses you.
Harold zaps a wand.
The bolt of acid hits you! The acid corrodes you!
You are splashed with acid!
You struggle against the net.
Your spectral weapon fades away.
The leopard gecko bites you. Harold gestures at you while chanting.
A sentinel's mark forms upon you.
The leopard gecko bites you but does no damage.
You rip the net and break free!
Harold zaps a wand.
The bolt of acid misses you. The leopard gecko barely misses you.
Harold throws a throwing net.
The throwing net hits you.
You become entangled in the net!
You see here a throwing net {!f}.
Unknown command.
You tear a large gash into the net.
The leopard gecko completely misses you.
Harold says, "Listen, it's nothing personal.
It's just a job."
Harold zaps a wand.
The bolt of acid hits you!
* * * LOW HITPOINT WARNING * * *
You are splashed with acid!
* * * LOW HITPOINT WARNING * * *
You struggle against the net.
The leopard gecko bites you but does no damage.
Harold zaps a wand.
The bolt of acid hits you!
* * * LOW HITPOINT WARNING * * *
The acid corrodes you!
You are splashed with acid!
You die...

########....#
##...# #.#.#
#.### #.####
#....# #.##.#
. ##....# ...
##..##@##.....
+.....l..@....
##.###.#####..
#. #.# #. ...
## #.# #.# ...
###


You could see Harold and a leopard gecko.

Vanquished Creatures
  A slime creature (D:7)
  3 hippogriffs
  A wyvern (D:8)
  3 wargs (D:8)
  A vampire mosquito (D:7)
  2 ice beasts
  An orc warrior (D:8)
  A sky beast (D:9)
  7 ogres
  6 centaurs
  A bullfrog (D:6)
  A water moccasin zombie (D:7)
  4 scorpions
  A killer bee (D:7)
  A wight (D:7)
  A howler monkey (D:7)
  3 crimson imps
  2 bullfrog zombies
  A centaur zombie (D:5)
  A bullfrog skeleton (D:7)
  3 jellies
  6 orc priests
  A centaur skeleton (D:9)
  2 hounds
  2 iguanas
  Ijyb (D:3)
  8 orc wizards
  7 worker ants
  2 hound skeletons
  A worker ant zombie (D:7)
  4 gnolls
  9 adders
  A river rat (D:3)
  2 oozes
  3 adder skeletons
  3 worms
  3 dart slugs
  4 leopard geckos
  38 orcs
  4 giant cockroaches
  6 goblins
  11 hobgoblins
  11 jackals
  2 quokkas (D:3)
  2 ball pythons (D:3)
  10 bats
  10 frilled lizards
  9 kobolds
  2 leopard gecko skeletons
  11 rats
220 creatures vanquished.

Vanquished Creatures (others)
  8 spectral weapons
8 creatures vanquished.

Grand Total: 228 creatures vanquished

Notes
Turn   | Place    | Note
-------+----------+-------------------------------------------
     0 | D:1      | Norn the Merfolk Skald began the quest for the Orb.
     0 | D:1      | Reached XP level 1. HP: 16/16 MP: 3/3
   292 | D:1      | Reached XP level 2. HP: 23/23 MP: 0/5
   723 | D:1      | Reached XP level 3. HP: 20/28 MP: 0/6
   839 | D:2      | Reached skill level 4 in Polearms
  1054 | D:2      | Reached XP level 4. HP: 33/34 MP: 3/7
  1058 | D:2      | Learned a level 2 spell: Shroud of Golubria
  1062 | D:2      | Learned a level 3 spell: Spectral Weapon
  1622 | D:2      | Reached skill level 5 in Polearms
  1622 | D:2      | Reached XP level 5. HP: 31/41 MP: 0/8
  2247 | D:3      | Noticed Ijyb
  2280 | D:3      | Killed Ijyb
  2633 | D:3      | Reached skill level 6 in Polearms
  2941 | D:3      | Reached XP level 6. HP: 35/47 MP: 7/9
  3023 | D:3      | Learned a level 2 spell: Song of Slaying
  4149 | D:4      | Reached skill level 7 in Polearms
  4149 | D:4      | Reached XP level 7. HP: 51/54 MP: 7/10
  4236 | D:4      | Reached skill level 5 in Dodging
  4633 | D:4      | Found Witiotaf's Antique Weapon Shoppe.
  5088 | D:4      | Reached skill level 5 in Charms
  5605 | D:4      | Found Witiotaf's Antique Weapon Shoppe.
  5917 | D:4      | Reached skill level 8 in Polearms
  6112 | D:5      | Entered Level 5 of the Dungeon
  6318 | D:5      | Reached XP level 8. HP: 48/61 MP: 7/11
  6328 | D:5      | Got a transparent ring mail
  6527 | D:5      | Reached skill level 1 in Hexes
  6683 | D:5      | Noticed a hippogriff
  6689 | D:5      | Killed a hippogriff
  6689 | D:5      | Reached skill level 5 in Fighting
  6689 | D:5      | Reached skill level 9 in Polearms
  7107 | D:5      | Found Teumn's Armour Shoppe.
  7424 | D:6      | Found an iron altar of Okawaru.
  7541 | D:6      | Found an ancient bone altar of Kikubaaqudgha.
  7683 | D:6      | Reached skill level 10 in Polearms
  8365 | D:7      | Reached XP level 9. HP: 69/69 MP: 8/12
  8485 | D:7      | Found a staircase to the Ecumenical Temple.
  8634 | D:7      | Reached skill level 11 in Polearms
  8967 | D:7      | Found a runed translucent gate.
  8967 | D:7      | Found a runed translucent gate.
  8967 | D:7      | Found a runed translucent gate.
  8967 | D:7      | Noticed NeAGen181's ghost (novice HOFi)
  9611 | Temple   | Entered the Ecumenical Temple
  9797 | Temple   | Became a worshipper of Ashenzari the Shackled
  9808 | Temple   | Identified the +1 ring mail of Amorality {rF+} (You found
                  | it on level 5 of the Dungeon)
  9878 | D:8      | Reached skill level 12 in Polearms
 10153 | D:8      | Found Hinonoli's Jewellery Boutique.
 10198 | D:8      | Bought a +2 ring of evasion for 160 gold pieces
 10232 | D:8      | Reached XP level 10. HP: 78/79 MP: 7/13
 10399 | D:8      | Found a staircase to the Lair.
 10551 | D:8      | Found a hide-covered altar of Uskayaw.
 10792 | D:8      | Reached skill level 5 in Hexes
 10955 | D:8      | Found an opulent altar of Gozag.
 11190 | D:9      | Found a shimmering altar of Xom.
 11194 | D:9      | Reached skill level 13 in Polearms
 11196 | D:9      | Found an iron altar of Okawaru.
 11196 | D:9      | Found a stormy altar of Qazlal.
 11338 | D:9      | Reached skill level 1 in Evocations
 11372 | D:9      | Reached * piety under Ashenzari
 11491 | D:9      | Noticed Harold
 11498 | D:9      | Splashed by Harold's acid

Skill      XL: |  1  2  3  4  5  6  7  8  9 10 |
---------------+-------------------------------+-----
Dodging        | 3 4 5 7 8 9 |  9.1
Polearms       | 4 5 6 7 8 10 12 13 | 13.3
Fighting       | 3 4 5 7 |  7.6
Charms         | 4 5 |  5.1
Hexes          | 3 4 5 |  5.0
Evocations     | 1 |  1.5
Armour         | |  0.6
Spellcasting   | |  2.0

Action                   |  1- 3 |  4- 6 |  7- 9 | 10-12 || total
-------------------------+-------+-------+-------+-------++-------
Melee: Spear             |   115 |   155 |       |       ||   270
       Halberd           |       |   153 |   267 |    69 ||   489
       Blowgun           |       |     1 |       |       ||     1
       Tailslap          |       |     1 |       |       ||     1
 Fire: Blowgun           |       |    10 |     4 |       ||    14
 Cast: Infusion          |    12 |    25 |       |       ||    37
       Shroud of Golubri |       |     1 |     1 |       ||     2
       Spectral Weapon   |       |     2 |    42 |    11 ||    55
       Song of Slaying   |       |       |     4 |       ||     4
Invok: Curse Item        |       |       |     1 |       ||     1
  Use: Scroll            |       |       |    16 |     5 ||    21
       Potion            |       |       |     2 |       ||     2
 Stab: Distracted        |       |     1 |     1 |       ||     2
       Sleeping          |       |       |     1 |       ||     1
  Eat: Chunk             |     1 |    11 |    19 |     2 ||    33
       Ration            |       |       |     2 |     1 ||     3
Armor: Leather armour    |    27 |    63 |    27 |       ||   117
       Ring mail         |       |       |     5 |    16 ||    21
Dodge: Dodged            |    74 |   200 |   146 |    42 ||   462
